 Dungeon Crawl Stone Soup version 0.26-a0-683-g5206c1d7ac (webtiles) character file.

Game seed: 628458406135282236

1168 dolemite99 the Spear-Bearer (level 8, -6/65 HPs)
             Began as a Demonspawn Fighter on Oct 23, 2020.
             Was a Believer of Uskayaw.
             Killed by divine providence
             ... invoked by an orc priest
              (9 damage)
             ... on level 5 of the Dungeon.
             The game lasted 00:08:19 (6469 turns).

dolemite99 the Spear-Bearer (Demonspawn Fighter)    Turns: 6469, Time: 00:08:20

Health: -6/65      AC:  9    Str: 21 (22) XL:     8   Next: 17%
Magic:  0/8        EV:  7    Int: 11      God:    Uskayaw [**....]
Gold:   161        SH:  9    Dex: 12      Spells: 7/7 levels left

rFire    . . .     SeeInvis .   a - +0 trident
rCold    . . .     Faith    .   c - +0 kite shield
rNeg     . . .     Spirit   +   F - +0 scale mail
rPois    .         Reflect  .   (no helmet)
rElec    .         Harm     .   m - +1 cloak
rCorr    .         Rampage  .   (no gloves)
MR       .....                  (no boots)
Stlth    ..........             (no amulet)
HPRegen  0.20/turn              (no ring)
MPRegen  0.11/turn              (no ring)

@: brilliant
A: claws 1, rugged brown scales 1, deterioration 1, robust 1, strong 2, magic
shield
a: Stomp, Line Pass, Renounce Religion


You were on level 5 of the Dungeon.
You worshipped Uskayaw.
Uskayaw was noncommittal.
You visited 1 branch of the dungeon, and saw 5 of its levels.

You collected 161 gold pieces.

Inventory:

Hand Weapons
 a - a +0 trident (weapon)
 b - a +0 dagger of venom
Missiles
 d - 5 atropa-tipped darts
 n - 208 stones
 p - 58 sling bullets
 q - 100 arrows
 w - 11 bolts
 A - 43 poisoned darts (quivered)
Armour
 c - a +0 kite shield (worn)
 m - a +1 cloak (worn)
 y - a +0 cloak
 F - a +0 scale mail (worn)
Jewellery
 f - an uncursed ring of ice {unknown}
 u - an uncursed ring of protection from cold {unknown}
Scrolls
 e - 3 scrolls of teleportation {unknown}
 g - a scroll of immolation {unknown}
 h - 6 scrolls of remove curse {unknown}
 j - 5 scrolls of identify {unknown}
 l - a scroll of magic mapping {unknown}
 t - 2 scrolls of blinking {unknown}
 v - 4 scrolls of amnesia {unknown}
 B - a scroll of fear {unknown}
 C - 2 scrolls of enchant armour {unknown}
 E - a scroll of random uselessness {unknown}
Potions
 k - 2 potions of mutation
 o - a potion of lignification
 r - 2 potions of brilliance
 s - a potion of stabbing {unknown}
 x - a potion of heal wounds {unknown}
 z - a potion of flight {unknown}
 D - a potion of ambrosia {unknown}


   Skills:
 - Level 3.0 Fighting
 + Level 3.3 Short Blades
 - Level 8.4 Polearms
 - Level 2.6 Armour
 - Level 2.6 Shields


You had 7 spell levels left.
You didn't know any spells.
Your spell library was empty.

Dungeon Overview and Level Annotations

Branches:
Dungeon (5/15)
 Temple: D:4-7

Altars:
Kikubaaqudgha
Uskayaw
Wu Jian
Xom
The Shining One

Annotations:
D:2 1 runed translucent door, Crazy Yiuf
D:3 1 runed translucent door, strifetoe's ghost, amateur PaFi


Innate Abilities, Weirdness & Mutations

You have sharp fingernails.
You are partially covered in rugged brown scales. (AC +1, +3% HP)
When hurt, damage is shared between your health and your magic reserves.
Your body sometimes deteriorates upon taking damage.
You are robust. (+10% HP)
Your muscles are very strong. (Str +4)


Message History

The orc hits you but does no damage.
You closely miss the orc.
The orc is lightly wounded.
The orc hits you but does no damage.
You puncture the orc!
You kill the orc!
Uskayaw will force your foes to helplessly watch your dance.
You closely miss the orc priest. You closely miss the orc priest.
You block the orc priest's attack.
You closely miss the orc priest.
The orc priest invokes the aid of Beogh against you.
Beogh smites you!
* * * LOW HITPOINT WARNING * * *
The orc priest hits you.
* * * LOW HITPOINT WARNING * * *
You barely miss the orc priest. The orc priest barely misses you.
You closely miss the orc priest.
The orc priest mumbles some strange prayers to Beogh against you.
Beogh smites you!
You die...

....#..# #.# #.#.#.. #
#.# #.#.#.### #.#. #.#
.####...(...###.#.##.#
.......(..#.......##.#
.o..o.............##.#
###)# #..##...##.#
#...###..##...##.#
###.o@...........####
#.###.............#
#.# ##.####.##.####
#.# #.# #.##.# #.#
#.####.##.# #.#
#.........# #.#
#<........# #.#
######.#### #.# #.#


You could see an orc priest.

Vanquished Creatures
  Grinder (D:3)
  Menkaure (D:4)
  2 phantoms
  An ogre (D:4)
  A jelly (D:3)
  2 scorpions
  2 howler monkeys
  3 orc priests
  2 orc wizards (D:4)
  A worker ant (D:4)
  3 gnolls (D:3)
  5 adders
  A river rat (D:3)
  2 shadow imps (D:5)
  A white imp (D:5)
  An ooze (D:1)
  3 worms
  A dart slug (D:1)
  A leopard gecko (D:3)
  9 orcs
  6 giant cockroaches
  3 hobgoblins
  6 jackals
  3 quokkas
  2 ball pythons
  5 bats
  5 frilled lizards
  6 goblins
  8 kobolds
  A leopard gecko skeleton (D:4)
  16 rats
104 creatures vanquished.

Vanquished Creatures (others)
  2 withered plants (D:3)
2 creatures vanquished.

Grand Total: 106 creatures vanquished

Notes
Turn   | Place    | Note
-------+----------+-------------------------------------------
     0 | D:1      | dolemite99 the Demonspawn Fighter began the quest for the
                  | Orb.
     0 | D:1      | Reached XP level 1. HP: 18/18 MP: 1/1
    67 | D:1      | Reached skill level 2 in Polearms
   229 | D:1      | Gained mutation: You have sharp fingernails. [demonic
                  | ancestry]
   229 | D:1      | Reached XP level 2. HP: 24/24 MP: 2/2
   574 | D:1      | Reached skill level 3 in Polearms
   780 | D:1      | Gained mutation: When hurt, damage is shared between your
                  | health and your magic reserves. [demonic ancestry]
   780 | D:1      | Reached XP level 3. HP: 29/29 MP: 3/3
  1037 | D:2      | Found a runed translucent door.
  1038 | D:2      | Noticed Crazy Yiuf
  1924 | D:3      | Gained mutation: You are partially covered in rugged brown
                  | scales. (AC +1, +3% HP) [demonic ancestry]
  1924 | D:3      | Reached XP level 4. HP: 29/36 MP: 4/4
  1949 | D:3      | Reached skill level 4 in Polearms
  2040 | D:3      | Found a hide-covered altar of Uskayaw.
  2051 | D:3      | Became a worshipper of Uskayaw the Reveler
  2076 | D:3      | Reached * piety under Uskayaw
  2368 | D:3      | Reached ** piety under Uskayaw
  2371 | D:3      | Gained mutation: Your muscles are strong. (Str +2) [potion
                  | of mutation]
  2371 | D:3      | Gained mutation: Your body sometimes deteriorates upon
                  | taking damage. [potion of mutation]
  2371 | D:3      | Gained mutation: You are robust. (+10% HP) [potion of
                  | mutation]
  2371 | D:3      | Gained mutation: Your muscles are very strong. (Str +4)
                  | [potion of mutation]
  2375 | D:3      | Reached XP level 5. HP: 11/46 MP: 1/5
  2638 | D:3      | Found a glowing golden altar of the Shining One.
  2793 | D:3      | Found a runed translucent door.
  2797 | D:3      | Noticed strifetoe's ghost (amateur PaFi)
  3059 | D:3      | Reached skill level 5 in Polearms
  3302 | D:3      | Noticed Grinder
  3317 | D:3      | Killed Grinder
  3317 | D:3      | Reached skill level 6 in Polearms
  3317 | D:3      | Reached XP level 6. HP: 34/53 MP: 2/6
  3317 | D:3      | Reached *** piety under Uskayaw
  3335 | D:3      | Reached **** piety under Uskayaw
  4062 | D:4      | Found an ancient bone altar of Kikubaaqudgha.
  4093 | D:4      | Reached skill level 7 in Polearms
  4093 | D:4      | Reached XP level 7. HP: 41/58 MP: 5/7
  4480 | D:4      | Noticed Menkaure
  4501 | D:4      | Killed Menkaure
  4833 | D:4      | Reached skill level 8 in Polearms
  5515 | D:4      | Found an ornate altar of the Wu Jian Council.
  5516 | D:4      | Found a shimmering altar of Xom.
  5589 | D:5      | Entered Level 5 of the Dungeon
  5613 | D:5      | Reached skill level 1 in Short Blades
  6035 | D:5      | Reached XP level 8. HP: 65/65 MP: 8/8
  6467 | D:5      | HP: 3/65 [orc priest (1)]
  6469 | D:5      | Killed from afar by an orc priest

Illustrated notes

Levels and vault maps discovered:
D:1:      nzn_arrival_depleted_hourglass, layout_rooms, patterned_corridor
D:2:      layout_loops_ring, corexii_hall_statues_i, uniq_crazy_yiuf_cottage
D:3:      wad_river_or_something, layout_basic, lemuel_doored_altar,
          nicolae_overflow_hidden_temple, eat_drink_and_be_merry_uskayaw,
          gammafunk_ghost_grave, portal_sewer_entry_b, uniq_grinder
D:4:      layout_basic, kiku_gazebo_pond_becter, minitemple, uniq_menkaure
D:5:      layout_basic, chequers_mini_garden, hangedman_decor_peaks_small,
          uniq_sigmund

Skill      XL: |  1  2  3  4  5  6  7  8 |
---------------+-------------------------+-----
Polearms       | 2 3 4 6 7 8 |  8.4
Short Blades   | 1 3 |  3.3
Fighting       | |  3.0
Armour         | |  2.6
Shields        | |  2.6

Action                   |  1- 3 |  4- 6 |  7- 9 || total
-------------------------+-------+-------+-------++-------
Melee: Trident           |   144 |   150 |   125 ||   419
Throw: Stone             |    13 |    14 |       ||    27
       Dart              |       |    25 |    25 ||    50
  Use: Potion            |       |     3 |     4 ||     7
 Stab: Paralysed         |       |     1 |     1 ||     2
Armor: Scale mail        |    59 |    63 |    22 ||   144
       Skin              |       |     1 |    25 ||    26
Dodge: Dodged            |    36 |    37 |    15 ||    88
Block: Kite shield       |    65 |    73 |    49 ||   187

Table legend: (Time is in decaauts)
 A = Elapsed time spent in this place.
 B = Non-inter-level travel time spent in this place.
 C = Inter-level travel time spent in this place.
 D = Time resting spent in this place.
 E = Time spent auto-exploring this place.
 F = Levels seen in this place.
 G = Mean time per level.
                   A        B        C        D        E       F      G
               +--------+--------+--------+--------+--------+-----+--------+
         Total |   6536 |   6377 |    159 |   1833 |   3273 |   5 | 1307.2 |
       Dungeon |   6536 |   6377 |    159 |   1833 |   3273 |   5 | 1307.2 |
               +--------+--------+--------+--------+--------+-----+--------+

Top non-repeatable levels by time:
     D:3: 1925 daAuts
     D:4: 1919 daAuts
     D:1: 975 daAuts
     D:5: 879 daAuts
     D:2: 836 daAuts
